 Dungeon Crawl Stone Soup version 0.28-a0-803-g74956062c1 (webtiles) character file.

Game seed: 12181798354098260191

45 Gargoyl the Skirmisher (level 3, 0/22 (35) HPs)
             Began as a Gnoll Abyssal Knight on Nov 7, 2021.
             Was a Follower of Lugonu.
             Slain by Terence (1 damage)
             ... on level 2 of the Dungeon.
             The game lasted 00:02:23 (1195 turns).

Gargoyl the Skirmisher (Gnoll Abyssal Knight)       Turns: 1195, Time: 00:02:24

HP:   0/22 (35)     AC:  6    Str: 13    XL:     3   Next: 64%
MP:   6/6           EV: 11    Int:  9    God:    Lugonu [*.....]
Gold: 162           SH:  0    Dex: 12    Spells: 3/3 levels left

rFire   + . .      SeeInvis .   a - +1 hand axe
rCold   + + .      Faith    .   (no shield)
rNeg    . . .      Spirit   .   e - +0 ring mail
rPois   +          Reflect  .   (no helmet)
rElec   +          Harm     .   (no cloak)
rCorr   +          Rampage  .   (no gloves)
Will    .....                   (no boots)
Stlth   +.........              (no amulet)
HPRegen 0.07/turn               d - ring of protection from cold
MPRegen 0.10/turn               (no ring)

@: resistant, very heavily drained
A: fangs 1, strong nose, distributed training
a: Renounce Religion, Depart the Abyss


You were on level 2 of the Dungeon.
You worshipped Lugonu.
Lugonu was aware of your devotion.
You visited 1 branch of the dungeon, and saw 2 of its levels.
You visited the Abyss 1 time.

You collected 162 gold pieces.

Inventory:

Hand Weapons
 a - a +1 hand axe (weapon)
Armour
 e - a +0 ring mail (worn)
Jewellery
 d - a ring of protection from cold (left hand)
Potions
 g - a potion of curing


   Skills:
 + Level 6.5 Fighting
 + Level 0.9 Short Blades
 + Level 0.9 Long Blades
 + Level 4.5 Axes
 + Level 0.9 Maces & Flails
 + Level 0.9 Polearms
 + Level 0.9 Staves
 + Level 0.9 Slings
 + Level 0.9 Bows
 + Level 0.9 Crossbows
 + Level 0.9 Throwing
 + Level 4.5 Armour
 + Level 2.6 Dodging
 + Level 0.9 Stealth
 + Level 0.9 Shields
 + Level 0.9 Unarmed Combat
 + Level 0.9 Spellcasting
 + Level 0.6 Conjurations
 + Level 0.6 Hexes
 + Level 0.6 Summonings
 + Level 0.6 Necromancy
 + Level 0.6 Translocations
 + Level 0.6 Transmutations
 + Level 0.6 Fire Magic
 + Level 0.6 Ice Magic
 + Level 0.6 Air Magic
 + Level 0.6 Earth Magic
 + Level 0.6 Poison Magic
 + Level 4.6 Invocations
 + Level 0.9 Evocations


You had 3 spell levels left.
You didn't know any spells.
Your spell library contained the following spells:

 Spells                   Type           Power      Damage    Failure   Level
 Apportation              Tloc           2%         N/A       50%         1
 Alistair's Intoxication  Tmut/Pois      0%         N/A       100%        5
 Invisibility             Hex            0%         N/A       100%        6


Dungeon Overview and Level Annotations

Branches:
Dungeon (2/15)

Altars:

Annotations:
D:2 Terence


Innate Abilities, Weirdness & Mutations

You have very sharp teeth.
Your uncanny sense of smell can sniff out nearby items.
Your experience applies equally to all skills.


Message History

You feel protected.
Terence hits you with a +1 flail of draining.
You feel drained.
You are confused.
You feel invigorated.
Terence hits you with a +1 flail of draining.
You feel drained.
You barely miss Terence.
Terence is lightly wounded.
Terence hits you with a +1 flail of draining!
You feel drained.
Terence shouts, "Get ready for death!"
Terence misses you.
You're too confused to move!
You feel less invigorated.
You feel less confused. Terence barely misses you.
You hit Terence.
Terence is moderately wounded.
Terence hits you but does no damage.
You feel drained.
You closely miss Terence. Your bite misses Terence.
Terence is moderately wounded.
Terence hits you but does no damage.
You feel drained.
You hit Terence.
Terence is heavily wounded.
Terence hits you with a +1 flail of draining.
You feel drained. Terence closely misses you.
You hit Terence.
Terence is severely wounded.
Terence hits you with a +1 flail of draining.
You feel drained.
You hit Terence.
Terence is severely wounded.
Terence hits you with a +1 flail of draining.
You feel drained.
You hit Terence.
Terence is almost dead.
Terence hits you with a +1 flail of draining!
* * * LOW HITPOINT WARNING * * *
You feel drained.
You die...

.###### ......# #.#. ##
....#.####....###.##
..#.#.#..#.#....#.. #
...........>#.#.#.##.
....#<#.......#.#... .#
.##.#.#.#.#.#.....##.!#
#....#...............#
##..#.#.#.#.#.#.@.#
...............@..#
##....#..##.#.###.#
##<###...#..## .#
#.....#.##.## ##
#..†..'.....######
#.....#.##......)#
###.....#..........#
........#..#.......#


You could see Terence.

Vanquished Creatures
  A shadow imp (Abyss:2)
  A worm (D:2)
  A dart slug (D:1)
  2 endoplasms (D:1)
  4 giant cockroaches
  5 goblins (D:1)
  2 hobgoblins
  3 jackals (D:1)
  A quokka (D:1)
  2 ball pythons (D:1)
  2 bats (D:1)
  2 frilled lizards
  4 rats
30 creatures vanquished.

Notes
Turn   | Place    | Note
-------+----------+-------------------------------------------
     0 | Abyss:1  | Gargoyl the Gnoll Abyssal Knight began the quest for the
                  | Orb.
     0 | Abyss:1  | Reached XP level 1. HP: 23/23 MP: 3/3
    34 | Abyss:2  | Noticed a naga warrior
    35 | Abyss:2  | Noticed a guardian serpent
   156 | Abyss:2  | Reached XP level 2. HP: 8/29 MP: 5/5
   193 | Abyss:2  | Noticed a wretched star
   194 | D:1      | Escaped the Abyss
   352 | D:1      | Found a faded altar of an unknown god.
   578 | D:1      | Reached XP level 3. HP: 35/35 MP: 6/6
   651 | D:1      | Reached * piety under Lugonu
  1178 | D:2      | Noticed Terence
  1195 | D:2      | HP: 1/23 [Terence (9)]
  1195 | D:2      | Slain by Terence

Illustrated notes

Levels and vault maps discovered:
D:1:      nzn_arrival_depleted_hourglass, layout_basic,
          shapermc_ecumenical_altar_venn
D:2:      layout_basic, uniq_terence

Action                   || total
-------------------------++-------
Melee: Hand axe          ||    96
       Bite              ||    10
Invok: Depart the Abyss  ||     1
  Use: Scroll            ||     3
       Potion            ||     4
Armor: Leather armour    ||     6
       Ring mail         ||    33
Dodge: Dodged            ||    61

Table legend: (Time is in decaauts)
 A = Elapsed time spent in this place.
 B = Non-inter-level travel time spent in this place.
 C = Inter-level travel time spent in this place.
 D = Time resting spent in this place.
 E = Time spent auto-exploring this place.
 F = Levels seen in this place.
 G = Mean time per level.
                   A        B        C        D        E       F      G
               +--------+--------+--------+--------+--------+-----+--------+
         Total |   1200 |   1200 |      0 |      0 |    882 |   4 |  300.0 |
       Dungeon |   1006 |   1006 |      0 |      0 |    739 |   2 |  503.0 |
         Abyss |    193 |    193 |      0 |      0 |    143 |   2 |   96.5 |
               +--------+--------+--------+--------+--------+-----+--------+

Top non-repeatable levels by time:
     D:1: 925 daAuts
 Abyss:2: 169 daAuts
     D:2: 80 daAuts
 Abyss:1: 24 daAuts
